 Dungeon Crawl Stone Soup version 0.25-a0-435-g4b9beb1 (webtiles) character file.

Game seed: 5032273451956760098, levelgen mode: deterministic

42 2tousent the Chopper (level 3, -2/31 HPs)
             Began as a Hill Orc Monk on Jan 27, 2020.
             Slain by Natasha (10 damage)
             ... on level 2 of the Dungeon.
             The game lasted 00:02:03 (1016 turns).

2tousent the Chopper (Hill Orc Monk)                Turns: 1016, Time: 00:02:04

Health: -2/31      AC:  3    Str: 14    XL:     3   Next: 54%
Magic:  0/3        EV: 13    Int: 10    God:
Gold:   49         SH:  0    Dex: 13    Spells: 2/2 levels left

rFire    . . .     SeeInvis .   a - +0 hand axe
rCold    . . .     Gourm    .   (no shield)
rNeg     . . .     Faith    .   b - +0 robe
rPois    .         Spirit   +   j - +0 helmet
rElec    .         Reflect  .   (no cloak)
rCorr    .         Harm     .   (no gloves)
MR       .....                  (no boots)
Stlth    ++........             f - amulet of guardian spirit
HPRegen  0.10/turn              (no ring)
MPRegen  0.08/turn              (no ring)

@: no status effects
A: no striking features
a: no special abilities


You were on level 2 of the Dungeon.
You were not hungry.

You visited 1 branch of the dungeon, and saw 2 of its levels.

You collected 49 gold pieces.

Inventory:

Hand Weapons
 a - a +0 hand axe (weapon)
Armour
 b - a +0 robe (worn)
 j - a +0 helmet (worn)
Jewellery
 f - an amulet of guardian spirit (around neck)
Scrolls
 g - 2 scrolls of identify {unknown}
 h - a scroll of blinking {unknown}
Potions
 d - a potion of flight {unknown}
 e - a potion of curing
Comestibles
 c - 3 rations
 i - 2 chunks of flesh


   Skills:
 - Level 3.6 Fighting
 * Level 5.9 Axes
 - Level 2.4 Dodging
 - Level 1.5 Stealth


You had 2 spell levels left.
You didn't know any spells.
Your spell library was empty.

Dungeon Overview and Level Annotations

Branches:
Dungeon (2/15)

Altars:

Annotations:
D:2 Natasha


Message History

The bat misses you.
Natasha casts a spell.
The crimson imp hits you.
* * * LOW HITPOINT WARNING * * *
You hit Natasha.
Natasha is heavily wounded.
You hit the bat. You hit the crimson imp. The bat misses you.
Natasha claws you but does no damage. The crimson imp hits you.
* * * LOW HITPOINT WARNING * * *
The crimson imp summons a swarm of flies.
Unknown command.
You barely miss Natasha.
Natasha is heavily wounded.
You barely miss the crimson imp. Natasha claws you.
* * * LOW HITPOINT WARNING * * *
The bat barely misses you. The crimson imp barely misses you.
Unknown command.
It was a potion of curing.
You feel better. The bat hits you but does no damage. Natasha claws you!
You die...

# .......#####.)......
###.#?.........#.#.#####
...#..............#
#....?.....<.[..######
#............#........
................#####.
#.........##..)....
##...รท........######
#..@5......####
.%....b#h#.....##
#.......5..#####
.........#.#
#........#.#
#...#...$..#
.......##..# .<..... #


You could see Natasha, 2 crimson imps and a bat.

Vanquished Creatures
  2 adders (D:2)
  A leopard gecko (D:1)
  2 bats (D:1)
  3 goblins
  6 hobgoblins
  2 jackals (D:1)
  3 kobolds
  A rat (D:1)
20 creatures vanquished.

Notes
Turn   | Place    | Note
-------+----------+-------------------------------------------
     0 | D:1      | 2tousent the Hill Orc Monk began the quest for the Orb.
     0 | D:1      | Reached XP level 1. HP: 19/19 MP: 1/1
   107 | D:1      | Reached XP level 2. HP: 3/26 MP: 2/2
   578 | D:1      | Reached skill level 5 in Axes
   789 | D:2      | Reached XP level 3. HP: 19/31 MP: 0/3
  1002 | D:2      | Noticed Natasha
  1015 | D:2      | HP: 1/31 [Natasha (3)]
  1016 | D:2      | Slain by Natasha

Levels and vault maps discovered:
D:1:      minmay_arrival_radiant_lines, layout_loops_ring,
          chequers_serial_rivers_small_3
D:2:      layout_rooms, first_ration, uniq_natasha

Skill      XL: |  1  2 |
---------------+-------+-----
Axes           | 5 |  5.9
Fighting       | |  3.6
Dodging        | |  2.4
Stealth        | |  1.5

Action                   || total
-------------------------++-------
Melee: Hand axe          ||    76
  Use: Potion            ||     1
 Stab: Sleeping          ||     2
Armor: Robe              ||    18
Dodge: Dodged            ||    55

Table legend:
 A = Non-vault XP
 B = Vault XP
 C = Vault XP percentage of total XP
 D = Non-vault monster count
 E = Vault monster count
 F = Vault count percentage of total count
                 A         B        C        D         E       F
            +---------+---------+-------+---------+---------+-------
      Total |      60 |       0 |   0.0 |      20 |       0 |   0.0
            +---------+---------+-------+---------+---------+-------
        D:1 |      26 |       0 |   0.0 |      14 |       0 |   0.0
        D:2 |      34 |       0 |   0.0 |       6 |       0 |   0.0
            +---------+---------+-------+---------+---------+-------
